 Dungeon Crawl Stone Soup version 0.22.1-2-g9c5b331 (webtiles) character file.

1162 Fang the Chopper (level 8, -4/51 HPs)
             Began as a Gargoyle Berserker on Dec 17, 2018.
             Was an Elder of Trog.
             Slain by an ice beast (13 damage)
             ... on level 5 of the Dungeon.
             The game lasted 00:04:59 (4595 turns).

Fang the Chopper (Gargoyle Berserker)               Turns: 4595, Time: 00:05:00

Health: -4/51      AC: 17    Str: 23    XL:     8   Next: 39%
Magic:  8/8        EV:  7    Int:  8    God:    Trog [****..]
Gold:   346        SH:  0    Dex:  9    Spells: 7/7 levels left

rFire    . . .     SeeInvis .   o - +0 war axe
rCold    . . .     Gourm    .   (no shield)
rNeg     + . .     Faith    .   f - +0 plate armour (curse)
rPois    ∞         Spirit   .   (no helmet)
rElec    +         Reflect  .   (no cloak)
rCorr    .         Harm     .   (no gloves)
MR       .....                  (no boots)
Stlth    ..........             (no amulet)
HPRegen  0.17/turn              (no ring)
MPRegen  0.11/turn              (no ring)

@: berserk cooldown, slowed, very slow
A: negative energy resistance 1, electricity resistance, unbreathing,
petrification resistance, rot immunity, AC +5
a: Berserk, Trog's Hand, Brothers in Arms, Renounce Religion


You were on level 5 of the Dungeon.
You worshipped Trog.
Trog was greatly pleased with you.
You were very hungry.

You visited 1 branch of the dungeon, and saw 5 of its levels.
You also visited: Sewer.

You collected 346 gold pieces.

Inventory:

Hand Weapons
 o - a +0 war axe (weapon)
Armour
 f - a cursed +0 plate armour (worn)
Wands
 k - a wand of paralysis (14)
 q - a wand of flame (33)
Scrolls
 b - 3 scrolls of identify {unknown}
 i - 3 scrolls of blinking {unknown}
 j - 3 scrolls of noise {unknown}
 m - 3 scrolls of enchant weapon {unknown}
 n - a scroll of magic mapping {unknown}
 r - 3 scrolls of fear {unknown}
 s - a scroll of enchant armour {unknown}
 t - 3 scrolls of teleportation {unknown}
 w - a scroll of remove curse {unknown}
Potions
 a - a potion of magic {unknown}
 d - 3 potions of might {unknown}
 e - a potion of degeneration {unknown}
 g - a potion of haste {unknown}
 h - 2 potions of heal wounds {unknown}
 l - 4 potions of curing {unknown}
 p - a potion of mutation {unknown}
 u - a potion of brilliance {unknown}
 v - a potion of resistance
Comestibles
 c - 6 rations


   Skills:
 + Level 5.9 Fighting
 + Level 6.8 Axes
 + Level 5.2 Armour
 + Level 2.4 Dodging
 + Level 1.2 Stealth


You had 7 spell levels left.
You didn't know any spells.
Your spell library was empty.

Dungeon Overview and Level Annotations

Branches:
Dungeon (5/15)
 Temple: D:4-7

Altars:
Gozag
Hepliaklqana
Ru
Yredelemnul

Shops:
D:4 (


Innate Abilities, Weirdness & Mutations

You are resistant to torment.
Your stone body is resilient. (AC +5)
You are immune to poison.
You resist negative energy. (rN+)
You are resistant to electric shocks. (rElec)
You can survive without breathing.
You are immune to petrification.
You are immune to rotting.


Message History

The ice beast hits you but does no damage.
You hit the ice beast.
The ice beast is heavily wounded.
The ice beast hits you but does no damage.
You closely miss the ice beast.
The ice beast is heavily wounded.
The ice beast hits you but does no damage.
The ice beast barely misses you.
You slash the ice beast!
The ice beast is severely wounded.
The ice beast hits you but does no damage.
The ice beast barely misses you.
You completely miss the ice beast.
The ice beast is severely wounded.
The ice beast hits you. The ice beast freezes you!
* * * LOW HITPOINT WARNING * * *
The ice beast hits you.
* * * LOW HITPOINT WARNING * * *
The ice beast freezes you!
You die...

# #.# .
#.# #.
#.# #.#
#.# #.#
#.#
#.##.#
#.#.#
##[)#
#@#[#
#Y)....#
#...###.#
#?.#.#
..#
......#
#.#
........
.# #.###
.## # #.
#.


You could see an ice beast.

Vanquished Creatures
  Purgy (Sewer)
  An ogre (D:5)
  A phantom (D:4)
  A centaur (D:5)
  A bullfrog (D:5)
  A howler monkey (D:4)
  3 hounds
  A gnoll shaman (D:5)
  A jelly (D:5)
  2 orc priests (D:5)
  4 orc wizards (D:5)
  2 iguanas
  A worker ant (D:4)
  A hound skeleton (D:4)
  12 adders
  6 gnolls
  A river rat (D:4)
  An adder skeleton (D:5)
  3 worms
  5 dart slugs
  3 leopard geckos
  16 orcs
  8 bats
  A giant cockroach (D:4)
  11 hobgoblins
  6 jackals
  3 quokkas
  3 ball pythons (Sewer)
  7 frilled lizards
  3 goblins
  13 kobolds
  9 rats
132 creatures vanquished.

Notes
Turn   | Place    | Note
-------+----------+-------------------------------------------
     0 | D:1      | Fang the Gargoyle Berserker began the quest for the Orb.
     0 | D:1      | Reached XP level 1. HP: 14/14 MP: 1/1
    54 | D:1      | Reached XP level 2. HP: 8/19 MP: 2/2
   382 | D:1      | Reached skill level 3 in Axes
   679 | D:1      | Reached XP level 3. HP: 24/24 MP: 3/3
  1271 | D:1      | Reached ** piety under Trog
  1330 | D:2      | Reached XP level 4. HP: 29/29 MP: 4/4
  1488 | D:2      | Reached skill level 4 in Axes
  1488 | D:2      | Reached XP level 5. HP: 13/33 MP: 5/5
  2751 | D:3      | Found an opulent altar of Gozag.
  2818 | D:4      | Reached *** piety under Trog
  2889 | D:4      | Reached XP level 6. HP: 31/38 MP: 6/6
  2952 | D:4      | Reached skill level 1 in Stealth
  3054 | D:4      | Found a sacrificial altar of Ru.
  3244 | D:4      | Noticed a phantom
  3247 | D:4      | Reached skill level 5 in Axes
  3287 | D:4      | Killed a phantom
  3330 | D:4      | Found a glowing drain.
  3368 | D:4      | Reached XP level 7. HP: 44/44 MP: 7/7
  3418 | Sewer    | Entered a sewer
  3463 | Sewer    | Noticed Purgy
  3476 | Sewer    | Killed Purgy
  3740 | D:4      | Found a hazy altar of Hepliaklqana.
  3745 | D:4      | Found Boskyl's Antique Weapon Emporium.
  3870 | D:5      | Entered Level 5 of the Dungeon
  3880 | D:5      | Reached skill level 6 in Axes
  3897 | D:5      | Reached skill level 5 in Fighting
  4060 | D:5      | Found a basalt altar of Yredelemnul.
  4112 | D:5      | Reached skill level 5 in Armour
  4112 | D:5      | Reached XP level 8. HP: 34/50 MP: 8/8
  4178 | D:5      | Reached **** piety under Trog
  4595 | D:5      | Slain by an ice beast

Skill      XL: |  1  2  3  4  5  6  7 |
---------------+----------------------+-----
Axes           | 3 4 5 6 |  6.8
Dodging        | 2 |  2.4
Fighting       | 4 5 |  5.9
Armour         | 3 5 |  5.2
Stealth        | 1 |  1.2

Action                   |  1- 3 |  4- 6 |  7- 9 || total
-------------------------+-------+-------+-------++-------
Melee: Hand axe          |   110 |   114 |       ||   224
       War axe           |       |   106 |   171 ||   277
Invok: Berserk           |     3 |     2 |     4 ||     9
  Eat: Chunk             |     3 |     9 |     7 ||    19
Armor: Animal skin       |    35 |       |       ||    35
       Plate armour      |    41 |   226 |   170 ||   437
Dodge: Dodged            |    70 |   101 |   101 ||   272
